 Dungeon Crawl Stone Soup version 0.23.1 (console) character file.

Game seed: 1998749683288217680

15413 SirCrawlalot the Cleaver (level 12, -1/108 HPs)
             Began as a Minotaur Fighter on Mar 19, 2019.
             Was an Elder of Wu Jian.
             Slain by a 16-headed hydra (4 damage)
             ... on level 2 of the Lair of Beasts.
             The game lasted 01:05:05 (11595 turns).

SirCrawlalot the Cleaver (Minotaur Fighter)        Turns: 11595, Time: 01:05:05

Health: -1/108     AC: 22    Str: 24    XL:     12   Next: 1%
Magic:  11/11      EV:  6    Int:  4    God:    Wu Jian [****..]
Gold:   275        SH: 14    Dex: 12    Spells: 11/11 levels left

rFire    + . .     SeeInvis .   u - +4 hand axe
rCold    . . .     Gourm    .   c - +1 shield
rNeg     + . .     Faith    .   y - +1 plate armour {rC+}
rPois    +         Spirit   .   (helmet restricted)
rElec    .         Reflect  .   i - +2 ratskin cloak {+Rats rPois rN+ Str-1 Int-1 Dex+1}
rCorr    .         Harm     .   (no gloves)
MR       .....                  q - +2 pair of boots
Stlth    ..........             (no amulet)
HPRegen  0.28/turn              n - ring of fire
MPRegen  0.12/turn              e - +1 ring of slaying

@: exhausted, about to teleport, very slightly contaminated, glowing, heavenly
storm
A: retaliatory headbutt, horns 2
a: Wall Jump, Serpent's Lash, Renounce Religion, Evoke Ratskin


You were on level 2 of the Lair of Beasts.
You worshipped Wu Jian.
Wu Jian was greatly pleased with you.
You were not hungry.

You visited 3 branches of the dungeon, and saw 13 of its levels.

You collected 662 gold pieces.
You spent 387 gold pieces at shops.

Inventory:

Hand Weapons
 a - a +1 war axe
 u - a +4 hand axe (weapon)
Armour
 c - a +1 shield (worn)
 i - the +2 ratskin cloak (worn) {+Rats rPois rN+ Str-1 Int-1 Dex+1}
   (You found it on level 5 of the Dungeon)

   It affects your strength (-1).
   It affects your intelligence (-1).
   It affects your dexterity (+1).
   It protects you from poison.
   It protects you from negative energy.
 q - a +2 pair of boots (worn)
 y - a +1 plate armour of cold resistance (worn)
Magical Staves
 s - an uncursed staff of air
Jewellery
 e - a +1 ring of slaying (right hand)
 n - a ring of fire (left hand)
 r - an uncursed ring of see invisible
 z - an uncursed ring of magical power
 A - an uncursed ring of protection from cold
Wands
 b - a wand of digging (4)
 t - a wand of enslavement (12)
 B - a wand of flame (24)
Scrolls
 h - 3 scrolls of amnesia
 l - 3 scrolls of enchant armour
 m - a scroll of fog
 o - 2 scrolls of remove curse
 p - 2 scrolls of teleportation
 x - 6 scrolls of identify
Potions
 d - 2 potions of curing
 g - a potion of ambrosia
 j - 2 potions of magic
 v - a potion of brilliance
 w - 3 potions of heal wounds
Comestibles
 f - 17 rations


   Skills:
 + Level 10.6 Fighting
 + Level 14.3 Axes
 + Level 10.7 Armour
 + Level 11.8 Shields


You had 11 spell levels left.
You didn't know any spells.
Your spell library was empty.

Dungeon Overview and Level Annotations

Branches:
Dungeon (10/15)            Temple (1/1) D:5            Lair (2/6) D:10
    Orc (0/2) D:9
  Swamp: Lair:2-4    Shoals: Lair:2-4     Snake: Lair:2-4    Spider: Lair:2-4

Altars:
Ashenzari
Cheibriados
Dithmenos
Elyvilon
Fedhas
Gozag
Hepliaklqana
Kikubaaqudgha
Makhleb
Nemelex Xobeh
Okawaru
Qazlal
Ru
Sif Muna
Trog
Uskayaw
Vehumet
Wu Jian
Xom
Yredelemnul
Zin
The Shining One

Shops:
D:5 =   D:7 =   D:8 !   D:9 ?[((


Innate Abilities, Weirdness & Mutations

You reflexively headbutt those who attack you in melee.
You have a pair of horns on your head.


Message History

You headbutt the 16-headed hydra!
The 16-headed hydra is heavily wounded.
You hit the plant. You block the 16-headed hydra's attack.
The 16-headed hydra bites you.
You block the 16-headed hydra's attack. x2
The 16-headed hydra bites you.
The 16-headed hydra bites you but does no damage. x2
You block the 16-headed hydra's attack. The 16-headed hydra bites you.
* * * LOW HITPOINT WARNING * * *
The 16-headed hydra bites you but does no damage.
The 16-headed hydra barely misses you.
The 16-headed hydra bites you but does no damage.
The 16-headed hydra barely misses you.
The 16-headed hydra bites you but does no damage. x2
The 16-headed hydra barely misses you.
As you read the scroll of teleportation, it crumbles to dust.
You feel strangely unstable. You block the 16-headed hydra's attack.
The 16-headed hydra barely misses you. The 16-headed hydra bites you.
* * * LOW HITPOINT WARNING * * *
The 16-headed hydra bites you.
You die...

...## ....# ...## #
..## #. ..# #.. .
..# #.## .# ..##
#.☼##### ..# ...#
##.§☼§§☼##.. #
...###
..§§YD@#.##..
.....#
#§☼YP§§§.....
.....#
#☼§§PY§§.#...
....## ##§○☼###...
....### ## ###§§#
...
......###.####§§☼P#
..
.....YY.YY.§Y§§☼###
. ##...YY###.##☼☼☼#
#..#### ####☼☼


You could see a 16-headed hydra and 3 yaks.

Vanquished Creatures
  Harold (D:7)
  An unseen horror (D:10)
  A deep elf mage (D:7)
  Maurice (D:8)
  Joseph (D:7)
  2 spiny frogs
  2 hornets (D:10)
  6 hippogriffs
  Eustachio (D:4)
  9 yaks
  2 basilisks
  A steam dragon (D:9)
  Grum (D:9)
  2 hungry ghosts (D:9)
  Menkaure (D:7)
  A soldier ant (D:10)
  5 water moccasins
  5 porcupines
  9 orc warriors
  6 black bears
  2 sky beasts
  4 ice beasts
  An eye of draining (D:9)
  A necrophage (D:6)
  6 wolves
  4 centaurs
  4 ogres
  3 crocodiles
  6 big kobolds (D:4)
  Blork the orc (D:6)
  2 gnoll sergeants (D:6)
  2 bullfrogs (Lair:1)
  A wyvern skeleton (D:10)
  A scorpion (D:10)
  A water moccasin skeleton (D:9)
  9 killer bees
  8 wights
  A howler monkey (D:7)
  13 crimson imps
  5 jellies
  A quasit (D:8)
  A centaur zombie (D:7)
  A bullfrog zombie (D:6)
  11 orc wizards
  8 orc priests
  5 hounds
  A bullfrog skeleton (D:4)
  2 centaur skeletons
  A hell rat (D:5)
  8 worker ants
  4 hound zombies
  3 hound skeletons
  A worker ant zombie (D:7)
  8 adders
  3 gnolls (D:4)
  6 river rats (D:5)
  5 shadow imps
  An ooze (D:1)
  2 adder zombies
  An adder skeleton (D:5)
  3 worms
  6 leopard geckos
  49 orcs
  5 bats
  7 giant cockroaches
  6 goblins
  9 hobgoblins
  4 iguanas
  8 jackals
  4 quokkas
  A ball python (D:4)
  A ball python skeleton (D:4)
  2 frilled lizards
  A giant cockroach zombie (D:5)
  A jackal zombie (D:7)
  44 kobolds
  A quokka skeleton (D:7)
  18 rats
376 creatures vanquished.

Vanquished Creatures (others)
  An orc wizard (D:9)
  2 fungi
  A plant (D:10)
4 creatures vanquished.

Grand Total: 380 creatures vanquished

Notes
Turn   | Place    | Note
-------+----------+-------------------------------------------
     0 | D:1      | SirCrawlalot the Minotaur Fighter began the quest for the
                  | Orb.
     0 | D:1      | Reached XP level 1. HP: 19/19 MP: 0/0
   105 | D:1      | Reached XP level 2. HP: 27/27 MP: 1/1
   695 | D:2      | Reached XP level 3. HP: 33/33 MP: 2/2
   784 | D:2      | Reached skill level 3 in Axes
  1101 | D:3      | Reached XP level 4. HP: 10/40 MP: 3/3
  1333 | D:3      | Found a radiant altar of Vehumet.
  1389 | D:3      | Found a deep blue altar of Sif Muna.
  1610 | D:3      | Reached skill level 4 in Axes
  1625 | D:3      | Reached XP level 5. HP: 47/47 MP: 4/4
  1671 | D:3      | Found a shimmering altar of Xom.
  1686 | D:3      | Reached skill level 5 in Shields
  1836 | D:3      | Reached skill level 5 in Axes
  1836 | D:3      | Reached XP level 6. HP: 16/53 MP: 5/5
  2250 | D:4      | Noticed Eustachio
  2274 | D:4      | Killed Eustachio
  2274 | D:4      | Reached skill level 6 in Axes
  2274 | D:4      | Reached skill level 5 in Armour
  2733 | D:4      | Reached XP level 7. HP: 58/60 MP: 6/6
  2849 | D:4      | Reached skill level 5 in Fighting
  2927 | D:4      | Reached skill level 7 in Axes
  3112 | D:4      | Reached XP level 8. HP: 43/69 MP: 7/7
  3115 | D:4      | Reached skill level 8 in Axes
  3331 | D:5      | Entered Level 5 of the Dungeon
  3333 | D:5      | Found a snail-covered altar of Cheibriados.
  3362 | D:5      | Found an opulent altar of Gozag.
  3368 | D:5      | Found an ornate altar of the Wu Jian Council.
  3389 | D:5      | Became a worshipper of the Wu Jian Council
  3553 | D:5      | Found a staircase to the Ecumenical Temple.
  3748 | D:5      | Found Huut's Jewellery Boutique.
  3751 | D:5      | Bought a +1 ring of slaying for 78 gold pieces
  4010 | D:5      | Reached skill level 9 in Axes
  4052 | D:5      | Reached * piety under Wu Jian
  4063 | D:5      | Found the +2 ratskin cloak {+Rats rPois rN+ Str-1 Int-1
                  | Dex+1}
  4553 | Temple   | Entered the Ecumenical Temple
  4850 | D:6      | Noticed Blork the orc
  4869 | D:6      | Reached skill level 10 in Axes
  4880 | D:6      | Reached XP level 9. HP: 20/78 MP: 8/8
  4895 | D:6      | Killed Blork the orc
  5354 | D:6      | Reached ** piety under Wu Jian
  6004 | D:6      | Reached skill level 11 in Axes
  6255 | D:7      | Noticed Menkaure
  6263 | D:7      | Killed Menkaure
  6286 | D:7      | Noticed Harold
  6310 | D:7      | Killed Harold
  6310 | D:7      | Reached skill level 12 in Axes
  6310 | D:7      | Reached XP level 10. HP: 40/88 MP: 9/9
  6325 | D:7      | Found Enwan Raf's Jewellery Shop.
  6706 | D:7      | Found a stormy altar of Qazlal.
  6780 | D:7      | Noticed Joseph
  6808 | D:7      | Killed Joseph
  7193 | D:7      | Noticed a deep elf mage
  7207 | D:7      | Killed a deep elf mage
  7207 | D:7      | Reached *** piety under Wu Jian
  7296 | D:7      | Found a shattered altar of Ashenzari.
  7456 | D:7      | Found a shadowy altar of Dithmenos.
  7565 | D:8      | Noticed Maurice
  7576 | D:8      | Killed Maurice
  7771 | D:8      | Found a hide-covered altar of Uskayaw.
  7860 | D:8      | Reached skill level 13 in Axes
  7906 | D:8      | Found Vitaoc's Distillery.
  7914 | D:8      | Bought a potion of heal wounds for 75 gold pieces
  7914 | D:8      | Bought a potion of heal wounds for 75 gold pieces
  7914 | D:8      | Bought a potion of heal wounds for 75 gold pieces
  8120 | D:9      | Reached skill level 10 in Shields
  8132 | D:9      | Noticed Grum
  8160 | D:9      | Killed Grum
  8206 | D:9      | Reached XP level 11. HP: 26/97 MP: 10/10
  8208 | D:9      | Reached **** piety under Wu Jian
  8481 | D:9      | Found Tulihepi's Magic Scroll Boutique.
  8491 | D:9      | Bought a scroll of identify for 28 gold pieces
  8491 | D:9      | Bought a scroll of identify for 28 gold pieces
  8491 | D:9      | Bought a scroll of identify for 28 gold pieces
  8557 | D:9      | Found Goxinkett's Weapon Emporium.
  8650 | D:9      | Found a sacrificial altar of Ru.
  8839 | D:9      | Found Meriyng's Antique Armour Boutique.
  8945 | D:9      | Found Baumen's Antique Weapon Emporium.
  9085 | D:9      | Found a staircase to the Orcish Mines.
  9383 | D:9      | Found a glowing silver altar of Zin.
  9383 | D:9      | Found a glowing golden altar of the Shining One.
  9394 | D:9      | Found a white marble altar of Elyvilon.
  9399 | D:9      | Found a faded altar of an unknown god.
  9401 | D:9      | Found an iron altar of Okawaru.
  9442 | D:10     | Entered Level 10 of the Dungeon
  9618 | D:10     | Killed an unseen horror
 10002 | D:10     | Found a staircase to the Lair.
 10078 | D:10     | Reached skill level 14 in Axes
 10489 | D:10     | Reached skill level 10 in Fighting
 10547 | D:10     | Reached ***** piety under Wu Jian
 10699 | Lair:1   | Entered Level 1 of the Lair of Beasts
 10734 | Lair:1   | Reached skill level 10 in Armour
 11529 | Lair:2   | Noticed an eight-headed hydra
 11585 | Lair:2   | Reached XP level 12. HP: 20/107 MP: 11/11
 11595 | Lair:2   | HP: 3/108 [16-headed hydra (6)]
 11595 | Lair:2   | Slain by a 16-headed hydra

Skill      XL: |  1  2  3  4  5  6  7  8  9 10 11 |
---------------+----------------------------------+-----
Fighting       | 4 5 6 7 9 10 | 10.6
Armour         | 4 5 6 7 8 10 | 10.7
Shields        | 4 5 6 7 8 10 11 | 11.8
Axes           | 3 4 5 6 7 10 12 13 14 | 14.3

Action                   |  1- 3 |  4- 6 |  7- 9 | 10-12 || total
-------------------------+-------+-------+-------+-------++-------
Melee: War axe           |    81 |   134 |   322 |       ||   537
       Headbutt          |    10 |    25 |    62 |   137 ||   234
       Hand axe          |       |       |    42 |   643 ||   685
Invok: Lunge             |       |       |    16 |    35 ||    51
       Whirlwind         |       |       |     3 |    15 ||    18
       Serpent's Lash    |       |       |       |     1 ||     1
       Heavenly Storm    |       |       |       |     1 ||     1
  Use: Potion            |     6 |     1 |     4 |     5 ||    16
       Scroll            |     2 |     6 |     7 |     8 ||    23
  Eat: Ration            |     1 |     1 |     3 |     6 ||    11
       Chunk             |       |       |     2 |       ||     2
Armor: Scale mail        |    43 |    54 |   118 |    34 ||   249
       Plate armour      |       |       |       |   381 ||   381
Dodge: Dodged            |    28 |    34 |    79 |    85 ||   226
Block: Shield            |    50 |    84 |   208 |   312 ||   654
